 Dungeon Crawl Stone Soup version 0.25-a0-404-gc1b5a34 (webtiles) character file.

69 Darkstone the Gusty (level 4, 33/33 HPs)
             Began as a Draconian Air Elementalist on July 5, 2018.
             Quit the game on level 2 of the Dungeon on Jan 10, 2020.
             The game lasted 00:23:57 (3033 turns).

Darkstone the Gusty (Draconian Air Elementalist)    Turns: 3033, Time: 00:23:58

Health: 33/33      AC:  5    Str: 11    XL:     4   Next: 2%
Magic:  8/8        EV: 12    Int: 16    God:
Gold:   117        SH:  0    Dex: 11    Spells: 7/8 levels left

rFire    . . .     SeeInvis .   (no weapon)
rCold    . . .     Gourm    .   (no shield)
rNeg     . . .     Faith    .   (armour unavailable)
rPois    .         Spirit   .   (helmet restricted)
rElec    .         Reflect  .   (no cloak)
rCorr    .         Harm     .   (no gloves)
MR       .....                  (no boots)
Stlth    ++........             (no amulet)
HPRegen  0.11/turn              (no ring)
MPRegen  0.11/turn              (no ring)

@: no status effects
A: unfitting armour, cold-blooded, AC +5
a: no special abilities


You were on level 2 of the Dungeon.
You were not hungry.

You visited 1 branch of the dungeon, and saw 2 of its levels.

You collected 117 gold pieces.

Inventory:

Hand Weapons
 j - a +0 short sword
 m - a +0 hunting sling
Missiles
 a - 23 arrows
 k - 3 stones (quivered)
Armour
 l - a +0 shield
Magical Staves
 o - an uncursed staff of fire {unknown}
Scrolls
 c - a scroll of teleportation {unknown}
 d - 2 scrolls of identify {unknown}
 e - a scroll of amnesia {unknown}
 f - a scroll of fog {unknown}
 p - a scroll of blinking {unknown}
Potions
 g - 2 potions of degeneration {unknown}
 h - a potion of cancellation {unknown}
 i - a potion of brilliance {unknown}
 n - a potion of heal wounds {unknown}
Comestibles
 b - 3 rations


   Skills:
 + Level 0.6 Short Blades
 - Level 1.7 Dodging
 + Level 2.6 Stealth
 + Level 2.7 Spellcasting
 - Level 1.0 Conjurations
 * Level 3.8 Air Magic


You had 7 spell levels left.
You knew the following spells:

 Your Spells              Type           Power        Failure   Level  Hunger
a - Shock                 Conj/Air       #...         7%          1    #......

Your spell library contained the following spells:

 Spells                   Type           Power        Failure   Level  Hunger
 Swiftness                Chrm/Air       #.......     14%         2    ##.....
 Static Discharge         Conj/Air       #.......     22%         3    ###....
 Airstrike                Air            ##........   38%         4    #####..
 Lightning Bolt           Conj/Air       #.........   89%         5    ######.


Dungeon Overview and Level Annotations

Branches:
Dungeon (2/15)

Altars:
Ashenzari


Innate Abilities, Weirdness & Mutations

Your plain brown scales are hard. (AC +5)
You cannot fit into any form of body armour.
You are cold-blooded and may be slowed by cold attacks.


Message History

Aim: a bat (moderately wounded)
The zap hits the bat.
You kill the bat!
You start resting.
Magic restored.
You see here a short sword.
You open the door.
There is an open door here.
Done exploring.
You are feeling hungry.
You see here a shield.
There is a stone staircase leading down here.
You eat one of the 4 rations.
That ration really hit the spot!
Unknown command.
Saving game... please wait.
Welcome back, Darkstone the Draconian Air Elementalist.
Press ? for a list of commands and other information.
Quiver which item? (- for none, * to show all) (? for menu, Esc to quit)
Okay, then.
Are you sure you want to abandon this character and quit the game? (Confirm with "yes".)

..........# #.# #.##
#..####.### #.# #.#
#..####.########.####.#
......................#
#######.########.######
# ##.#### #[#
######.....# #.#
.....<.....#####.#
######..........@#
...........#######
######.....# #######


There were no monsters in sight!

Vanquished Creatures
  2 adders (D:2)
  A worm (D:2)
  2 dart slugs
  3 giant cockroaches
  4 goblins
  6 hobgoblins
  2 jackals (D:1)
  6 kobolds
  A ball python (D:2)
  9 bats
  3 frilled lizards
  5 rats
44 creatures vanquished.

Notes
Turn   | Place    | Note
-------+----------+-------------------------------------------
     0 | D:1      | Darkstone the Draconian Air Elementalist began the quest
                  | for the Orb.
     0 | D:1      | Reached XP level 1. HP: 14/14 MP: 3/3
   167 | D:1      | Reached XP level 2. HP: 18/20 MP: 0/5
  1289 | D:2      | Reached XP level 3. HP: 26/26 MP: 2/6
  2716 | D:2      | Reached XP level 4. HP: 33/33 MP: 3/8
  2842 | D:2      | Found a shattered altar of Ashenzari.
  3033 | D:2      | Upgraded the game from 0.22-a0-597-gbd89b2e to
                  | 0.25-a0-404-gc1b5a34
  3033 | D:2      | Quit the game

Levels and vault maps discovered:
D:1:      roderic_crossed_star
D:2:      nicolae_ashenzari_panopticon, minmay_tromino_mix6

Skill      XL: |  1 |
---------------+----+-----
Stealth        | 2 |  2.6
Short Blades   | |  0.6
Dodging        | |  1.7
Spellcasting   | |  2.7
Conjurations   | |  1.0
Air Magic      | |  3.8

Action                   |  1- 3 |  4- 6 || total
-------------------------+-------+-------++-------
Melee: Unarmed           |     1 |       ||     1
 Cast: Shock             |   101 |     3 ||   104
  Eat: Chunk             |     6 |     1 ||     7
       Ration            |       |     1 ||     1
Armor: Skin              |     7 |       ||     7
Dodge: Dodged            |    16 |       ||    16

Table legend:
 A = Non-vault XP
 B = Vault XP
 C = Vault XP percentage of total XP
 D = Non-vault monster count
 E = Vault monster count
 F = Vault count percentage of total count
                 A         B        C        D         E       F
            +---------+---------+-------+---------+---------+-------
      Total |      99 |       0 |   0.0 |      44 |       0 |   0.0
            +---------+---------+-------+---------+---------+-------
        D:1 |      40 |       0 |   0.0 |      24 |       0 |   0.0
        D:2 |      59 |       0 |   0.0 |      20 |       0 |   0.0
            +---------+---------+-------+---------+---------+-------
